 Dungeon Crawl Stone Soup version 0.32-a0-576-g706899e69d (webtiles) character file.

Game seed: 17322195265669663705

278 BeKind the Magician (level 6, -2/42 HPs)
             Began as an Octopode Fighter on Mar 1, 2024.
             Slain by a gnoll
             ... wielding a +0 spear
              (9 damage)
             ... on level 5 of the Dungeon.
             The game lasted 00:03:06 (2257 turns).

BeKind the Magician (Octopode Fighter)              Turns: 2257, Time: 00:03:07

Health: -2/42      AC:  1    Str: 23    XL:     6   Next: 26%
Magic:  11/11      EV: 13    Int: 12    God:
Gold:   202        SH:  4    Dex: 11    Spells: 11/12 levels left

rFire   . . .        a - +0 trident
rCold   x . .        b - +0 buckler
rNeg    . . .        (helmet restricted)
rPois   .            k - amulet of the Floral God {^Drain rC- RegenMP+ Str+5 Int+2}
rElec   .            j - ring of wizardry
rCorr   .            (no ring)
SInv    .            (no ring)
Will    .....        (no ring)
Stlth   ++           (no ring)
HPRegen 0.27/turn    (no ring)
MPRegen 0.52/turn    (no ring)
                     (no ring)

%: wizardry (x1)
@: no status effects
A: almost no armour, amphibious, 8 rings, camouflage 1, gelatinous body 1,
(nimble swimmer 1), tentacles
a: no special abilities


You were on level 5 of the Dungeon.
You visited 1 branch of the dungeon, and saw 5 of its levels.

You collected 202 gold pieces.

Inventory:

Hand Weapons
 a - a +0 trident (weapon)
Armour
 b - a +0 buckler (worn)
Jewellery
 j - a ring of wizardry (left tentacle)
 k - the amulet of the Floral God (around mantle) {^Drain rC- RegenMP+ Str+5 Int+2}
   (You found it on level 2 of the Dungeon)

   [amulet of magic regeneration]

   It increases your rate of magic regeneration.
   Str+5:     It affects your strength (+5).
   Int+2:     It affects your intelligence (+2).
   rC-:       It makes you vulnerable to cold.
   ^Drain:    It drains your maximum health when unequipped.
   RegenMP+:  It increases your rate of magic regeneration.
 l - an amulet of the acrobat
 r - a ring of protection from cold
Wands
 o - a wand of flame (4)
 p - a wand of paralysis (4)
Scrolls
 e - 3 scrolls of teleportation {unknown}
 g - 3 scrolls of identify {unknown}
 h - a scroll of brand weapon {unknown}
 n - a scroll of noise {unknown}
Potions
 c - a potion of might
 d - 2 potions of curing {unknown}
 f - 2 potions of attraction {unknown}
 i - a potion of heal wounds {unknown}
 m - a potion of brilliance {unknown}
 q - a potion of degeneration {unknown}


   Skills:
 - Level 3.4 Fighting
 - Level 2.5 Polearms
 - Level 3.3 Dodging
 - Level 3.4 Shields
 + Level 3.6 Spellcasting
 + Level 2.5 Summonings


You had 11 spell levels left.
You knew the following spells:

 Your Spells              Type           Power      Damage    Failure   Level
a - Summon Small Mammal   Summ           32%        N/A       4%          1

Your spell library contained the following spells:

 Spells                   Type           Power      Damage    Failure   Level
 Call Canine Familiar     Summ           8%         N/A       12%         3
 Summon Blazeheart Golem  Fire/Summ      5%         N/A       52%         4


Dungeon Overview and Level Annotations

Branches:
Dungeon (4/15)
 Temple: D:4-7

Altars:

Shops:
D:4 *


Innate Abilities, Weirdness & Mutations

You cannot wear most types of armour.
You are amphibious.
You can wear up to eight rings at the same time.
Your skin changes colour to match your surroundings (Stealth+).
Your rubbery body absorbs attacks. (AC +1, EV +1)
((You are camouflaged when in or above water. (Stealth+)))
You have tentacles for arms and can constrict up to eight enemies at once.


Message History

Press: ? - help, Dir - move target, f/p - gnoll
Aim: a gnoll, wielding a +0 whip (lightly wounded, about 40% to evade your +0 trident)
You reach to attack!
You hit the gnoll.
The gnoll is heavily wounded.
Your bat misses the gnoll.
Your bat barely misses the gnoll.
Your rat bites the gnoll.
The gnoll hits your rat with a +0 spear.
Your rat dies!
Your rat's corpse disappears in a puff of smoke!
Your bat hits the gnoll but does no damage.
The gnoll hits your bat with a +0 whip.
Your bat dies!
Your bat's corpse disappears in a puff of smoke!
The gnoll shouts!
Reach: a) +0 trident
Press: ? - help, Dir - move target, f/p - gnoll
Aim: a gnoll, wielding a +0 whip (heavily wounded, about 40% to evade your +0 trident)
You reach to attack!
You hit the gnoll.
The gnoll is severely wounded.
You barely miss the gnoll. You grab the gnoll.
The gnoll is severely wounded.
You constrict the gnoll.
You kill the gnoll!
The gnoll hits you from afar with a +0 spear.
* * * LOW HITPOINT WARNING * * *
Reach: a) +0 trident
Press: ? - help, Dir - move target, f - gnoll
Aim: a gnoll, wielding a +0 spear (heavily wounded, about 40% to evade your +0 trident)
You reach to attack!
You hit the gnoll but do no damage.
The gnoll is heavily wounded.
The gnoll hits you from afar with a +0 spear.
* * * LOW HITPOINT WARNING * * *
Reach: a) +0 trident
Press: ? - help, Dir - move target, f/p - gnoll
Aim: a gnoll, wielding a +0 spear (heavily wounded, about 40% to evade your +0 trident)
You reach to attack!
You barely miss the gnoll.
The gnoll is heavily wounded.
The gnoll misses you.
The gnoll hits you from afar with a +0 spear!
You die...

# ##.###.......##.
#. .#5#....#.#####.
#. .###....#.####..
#.##.....##.#.......
#.......##
....####.# #. )....#
#.# #..#g#..# #.#
#..#)#..# #..
#..#@#..# ##.
#$......# #.
#.......## #### #.
####.###.....)# #.
#.# #.####.# #. #.#
#.####.#### #.
#.###.##......###.
#........#.##.....
#####.####.#######


You could see a gnoll and a white imp.

Vanquished Creatures
  A hound (D:5)
  Natasha (twice) (D:2)
  An orc wizard (D:5)
  3 gnolls (D:5)
  4 adders
  3 dart slugs
  5 ribbon worms
  2 orcs (D:5)
  9 ball pythons
  6 bats
  7 endoplasms
  2 giant cockroaches (D:1)
  10 goblins
  7 hobgoblins
  7 jackals
  A quokka (D:1)
  4 frilled lizards
  12 kobolds
  6 rats
92 creatures vanquished.

Notes
Turn   | Place    | Note
-------+----------+-------------------------------------------
     0 | D:1      | BeKind the Octopode Fighter began the quest for the Orb.
     0 | D:1      | Reached XP level 1. HP: 16/16 MP: 1/1
   139 | D:1      | Reached XP level 2. HP: 21/21 MP: 2/2
   253 | D:1      | Reached XP level 3. HP: 24/26 MP: 3/3
   776 | D:2      | Reached skill level 1 in Spellcasting
   833 | D:2      | Noticed Natasha
   839 | D:2      | Killed Natasha
   840 | D:2      | Reached XP level 4. HP: 20/31 MP: 4/6
   908 | D:2      | Noticed Natasha
   913 | D:2      | Killed Natasha
  1040 | D:2      | Learned a level 1 spell: Summon Small Mammal
  1060 | D:2      | Reached XP level 5. HP: 36/36 MP: 8/8
  1293 | D:2      | Identified the amulet of the Floral God {^Drain rC-
                  | RegenMP+ Str+5 Int+2}
  1476 | D:3      | Reached skill level 1 in Summonings
  1922 | D:4      | Found Mobageruf's Neck Hole.
  2005 | D:4      | You fall into a shaft and drop 1 floor!
  2005 | D:5      | Entered Level 5 of the Dungeon
  2138 | D:5      | Reached XP level 6. HP: 41/42 MP: 9/11
  2257 | D:5      | Slain by a gnoll

Illustrated notes

Levels and vault maps discovered:
D:1:      minmay_arrival_stone_box, layout_basic, roderic_lattice_a, st_stairs_4
D:2:      layout_rooms, uniq_natasha
D:3:      layout_rooms, minmay_fractal_squares_5
D:4:      layout_cave_pods, serial_park, serial_park_avenue1,
          serial_park_square2, serial_park_gazebo [serial_park_minivault_5x5_1],
          serial_park_tiny_2, lightli_ossuary_entry_decrepit_ruins,
          serial_shops, nicolae_shop_pleasant_corner_grove,
          nicolae_shop_sticking_my_neck_out
D:5:      layout_loops_cross, chequers_serial_rivers_micro_d,
          nicolae_fountain_basement

Skill      XL: |  1  2  3  4  5 |
---------------+----------------+-----
Spellcasting   | 1 2 3 |  3.6
Summonings     | 2 |  2.5
Fighting       | |  3.4
Polearms       | |  2.5
Dodging        | |  3.3
Shields        | |  3.4

Action                     |  1- 3 |  4- 6 || total
---------------------------+-------+-------++-------
  Melee: Trident           |    74 |   120 ||   194
         Constrict         |    15 |    21 ||    36
         Tentacles         |     7 |     9 ||    16
   Cast: Summon Small Mamm |       |     2 ||     2
   Stab: Sleeping          |     6 |     6 ||    12
         Distracted        |       |     1 ||     1
 Armour: Skin              |    15 |    37 ||    52
  Dodge: Dodged            |    22 |    36 ||    58
  Block: Buckler           |     6 |     6 ||    12

Table legend: (Time is in decaauts)
 A = Elapsed time spent in this place.
 B = Non-inter-level travel time spent in this place.
 C = Inter-level travel time spent in this place.
 D = Time resting spent in this place.
 E = Time spent auto-exploring this place.
 F = Levels seen in this place.
 G = Mean time per level.
                   A        B        C        D        E       F      G
               +--------+--------+--------+--------+--------+-----+--------+
         Total |   2296 |   2195 |    101 |      0 |   1686 |   5 |  459.2 |
       Dungeon |   2296 |   2195 |    101 |      0 |   1686 |   5 |  459.2 |
               +--------+--------+--------+--------+--------+-----+--------+

Top non-repeatable levels by time:
     D:1: 760 daAuts
     D:3: 593 daAuts
     D:2: 585 daAuts
     D:5: 259 daAuts
     D:4: 98 daAuts
